 Dungeon Crawl Stone Soup version 0.25-a0-87-ga3d287bc14 (webtiles) character file.

Game seed: 8865068152329154471, levelgen mode: deterministic

56 MordorOrchid the Covered (level 3, 0/27 HPs)
             Began as a Demonspawn Skald on Nov 10, 2019.
             Slain by a kobold
             ... wielding a +1 dagger of electrocution
              (20 damage)
             ... on level 2 of the Dungeon.
             The game lasted 00:02:48 (1346 turns).

MordorOrchid the Covered (Demonspawn Skald)         Turns: 1346, Time: 00:02:48

Health: 0/27       AC:  3    Str: 11    XL:     3   Next: 71%
Magic:  6/6        EV: 11    Int: 15    God:
Gold:   97         SH:  0    Dex: 12    Spells: 5/6 levels left

rFire    + . .     SeeInvis .   i - +3 dagger
rCold    + . .     Gourm    .   (no shield)
rNeg     . . .     Faith    .   a - +0 leather armour
rPois    .         Spirit   .   (no helmet)
rElec    .         Reflect  .   f - scarf {rC+ rF+}
rCorr    .         Harm     .   (no gloves)
MR       .....                  (no boots)
Stlth    +.........             (no amulet)
HPRegen  0.09/turn              (no ring)
MPRegen  0.10/turn              (no ring)

@: no status effects
A: hooves 1, demonic guardian 1
a: no special abilities


You were on level 2 of the Dungeon.
You were not hungry.

You visited 1 branch of the dungeon, and saw 2 of its levels.

You collected 97 gold pieces.

Inventory:

Hand Weapons
 d - a +0 dagger
 i - a +3 dagger (weapon)
Missiles
 e - 8 stones (quivered)
 m - 19 arrows
Armour
 a - a +0 leather armour (worn)
 f - a scarf of resistance (worn)
Scrolls
 b - a scroll of magic mapping {unknown}
 g - 2 scrolls of identify {unknown}
 j - 2 scrolls of remove curse {unknown}
Comestibles
 c - 4 rations
 h - 2 chunks of flesh


   Skills:
 - Level 2.0 Fighting
 * Level 2.7 Armour
 - Level 1.7 Dodging
 * Level 2.6 Unarmed Combat
 - Level 2.0 Spellcasting
 - Level 2.6 Charms


You had 5 spell levels left.
You knew the following spells:

 Your Spells              Type           Power        Failure   Level  Hunger
a - Infusion              Chrm           #...         10%         1    #......

Your spell library contained the following spells:

 Spells                   Type           Power        Failure   Level  Hunger
 Song of Slaying          Chrm           #.......     14%         2    ###....
 Shroud of Golubria       Chrm/Tloc      #.....       24%         2    ###....
 Regeneration             Chrm/Necr      #.........   43%         3    ###....
 Spectral Weapon          Hex/Chrm       #.......     43%         3    ###....


Dungeon Overview and Level Annotations

Branches:
Dungeon (1/15)

Altars:


Innate Abilities, Weirdness & Mutations

You have large cloven feet.
A weak demonic guardian rushes to your aid.


Message History

No target in view!
No target in view!
No target in view!
No target in view!
No target in view!
No target in view!
No target in view!
No target in view!
No target in view!
No target in view!
No target in view!
You now have 97 gold pieces (gained 14).
You feel a little less agile now.
There is an open door here.
The kobold shouts!
The kobold is too close now for your liking.
The kobold hits you with a +1 dagger of electrocution.
You are electrocuted!!
Ouch! That really hurt!
You die...

############
##..........#
............#
............#
.........†..############
.........†..'..........#
............#########.##
......K@............#...
.....##############.####
.... . #########
#.......#


You could see a kobold.

Vanquished Creatures
  3 adders (D:2)
  A worm (D:2)
  3 dart slugs
  A leopard gecko (D:2)
  A bat (D:1)
  2 giant cockroaches (D:1)
  2 hobgoblins
  A quokka (D:2)
  A goblin (D:1)
  3 kobolds (D:1)
  6 rats
24 creatures vanquished.

Notes
Turn   | Place    | Note
-------+----------+-------------------------------------------
     0 | D:1      | MordorOrchid the Demonspawn Skald began the quest for the
                  | Orb.
     0 | D:1      | Reached XP level 1. HP: 16/16 MP: 3/3
   112 | D:1      | Reached skill level 1 in Armour
   330 | D:1      | Gained mutation: You have large cloven feet. [demonic
                  | ancestry]
   330 | D:1      | Reached XP level 2. HP: 15/22 MP: 5/5
   835 | D:1      | You fall into a shaft and drop 1 floor!
  1279 | D:2      | Gained mutation: A weak demonic guardian rushes to your
                  | aid. [demonic ancestry]
  1279 | D:2      | Reached XP level 3. HP: 21/27 MP: 6/6
  1346 | D:2      | Slain by a kobold

Levels and vault maps discovered:
D:1:      onia_arrival_mini_maze, layout_basic, minmay_pentomino_o4
D:2:      layout_basic, first_ration, grunt_ministairs_3

Skill      XL: |  1  2 |
---------------+-------+-----
Armour         | 1 2 |  2.7
Unarmed Combat | 2 |  2.6
Fighting       | |  2.0
Dodging        | |  1.7
Spellcasting   | |  2.0
Charms         | |  2.6

Action                   || total
-------------------------++-------
Melee: Dagger            ||    81
       Unarmed           ||     3
       Kick              ||    11
Throw: Stone             ||     4
  Use: Potion            ||     2
 Stab: Sleeping          ||     1
  Eat: Chunk             ||     1
Armor: Leather armour    ||    21
Dodge: Dodged            ||    43

Table legend:
 A = Non-vault XP
 B = Vault XP
 C = Vault XP percentage of total XP
 D = Non-vault monster count
 E = Vault monster count
 F = Vault count percentage of total count
                 A         B        C        D         E       F
            +---------+---------+-------+---------+---------+-------
      Total |      76 |       5 |   6.2 |      20 |       4 |  16.7
            +---------+---------+-------+---------+---------+-------
        D:1 |      19 |       5 |  20.8 |      10 |       4 |  28.6
        D:2 |      57 |       0 |   0.0 |      10 |       0 |   0.0
            +---------+---------+-------+---------+---------+-------
